 Dungeon Crawl Stone Soup version 0.31.0-11-ge490571c62 (webtiles) character file.

Game seed: 3043444509312740390

2944 qw the Markself (level 9, 0/51 HPs)
             Began as a Deep Elf Hunter on Feb 4, 2024.
             Was a Follower of Okawaru.
             Slain by a death yak (20 damage)
             ... on level 8 of the Dungeon.
             The game lasted 00:02:42 (5092 turns).

qw the Markself (Deep Elf Hunter)                   Turns: 5092, Time: 00:02:42

Health: 0/51       AC:  9    Str: 12    XL:     9   Next: 51%
Magic:  9/11       EV: 20    Int: 15    God:    Okawaru [*.....]
Gold:   253        SH:  0    Dex: 18    Spells: 8/8 levels left

rFire   + . .        g - +0 arbalest
rCold   . . .        (shield currently unavailable)
rNeg    . . .        i - +2 robe {rF+}
rPois   .            (no helmet)
rElec   .            k - +0 cloak
rCorr   .            m - +1 pair of gloves
SInv    .            j - +0 pair of boots
Will    .....        (no amulet)
Stlth   +++          (no ring)
HPRegen 0.28/turn    (no ring)
MPRegen 0.12/turn

%: no passive effects
@: heroic
A: no striking features
a: Renounce Religion, Heroism


You were on level 8 of the Dungeon.
You worshipped Okawaru.
Okawaru was aware of your devotion.
You visited 2 branches of the dungeon, and saw 9 of its levels.

You collected 253 gold pieces.


   Skills:
 + Level 3.6(8.6) Fighting
 - Level 15.0(20.0) Ranged Weapons
 - Level 1.2(6.2) Armour
 - Level 7.4(12.4) Dodging
 - Level 1.2(6.2) Stealth
 + Level 0.0 Invocations


You had 8 spell levels left.
You didn't know any spells.
Your spell library was empty.

Inventory:

Hand Weapons
 g - a +0 arbalest (weapon)
Armour
 f - a +0 ring mail
 i - a +2 robe of fire resistance (worn)
 j - a +0 pair of boots (worn)
 k - a +0 cloak (worn)
 m - a +1 pair of gloves (worn)
Jewellery
 n - a ring of fire
Wands
 a - a wand of acid (5)
 c - a wand of paralysis (10)
 o - a wand of iceblast (5)
Scrolls
 h - a scroll of identify
 l - 3 scrolls of teleportation
Potions
 b - a potion of cancellation
 d - 2 potions of curing
 e - a potion of enlightenment
 p - a potion of heal wounds

Dungeon Overview and Level Annotations

Branches:
Dungeon (8/15)             Temple (1/1) D:5            Lair (0/5) D:8

Altars:
Cheibriados
Dithmenos
Fedhas
Gozag
Hepliaklqana
Kikubaaqudgha
Nemelex Xobeh
Okawaru
Qazlal
Ru
Sif Muna
Trog
Uskayaw
Wu Jian
Xom
Zin
The Shining One

Shops:
D:5 [


Message History

The death yak misses you.
You shoot a bolt. The bolt hits the death yak!
The death yak is moderately wounded.
You hear a bellow!
The death yak gores you but does no damage.
You shoot a bolt. The bolt hits the death yak!
The death yak is moderately wounded.
The death yak closely misses you.
You shoot a bolt.
The bolt hits the death yak but does no damage.
The death yak is moderately wounded.
The death yak gores you!
You shoot a bolt. The bolt hits the death yak!
The death yak is heavily wounded.
Enter note:
Enter note:
Enter note:
Enter note:
Enter note:
Enter note:
Enter note:
Enter note:
Enter note:
5090 ||| RETREEEEATING.
The death yak attacks as it pursues you!
The death yak barely misses you.
Enter note:
Enter note:
Enter note:
Enter note:
Enter note:
Enter note:
Enter note:
Enter note:
Enter note:
5091 ||| RETREEEEATING.
You shoot a bolt. The bolt hits the death yak!
The death yak is severely wounded.
The death yak gores you!!
You die...

*,,**,*,,,,,#######*#..##...#####
*,,*******###.....###..##...#,,,,
,,,,* #.........#...[...#,,,,
,,,,**** #.......).#.......#,,,,
,,,,,,,* #.........'.......#,,,,
,,,,**,***#.........#.......#,,,,
,,*,,,,....##.#.Y..##########,,,,
,,,,,,........##Y###,,,,,,,,,,,,,
*+,,,,...#.Y..##@# *,,,,,,,,,,,,,
,,,,,,*,......##.# *,,,,,,,,,,,,,
,,,,,,..>........# *,,,,,,,,,,,,,
,,,,,,#.........## *,,,,,,,,,,,,,
,,,,*,....Y....#* *,,,,,,,,,,,,,
#+.##......Y...# *,,,,,,,,,,,,,
.......,,,,....* *,,,,,,,,,,,,,
.......,,,.###** *,,,,,,,,,,,,,
.......,,,,* *,,,,,,,,,,,,,


You could see 2 death yaks.

Vanquished Creatures
  A death yak (D:8)
  A deep elf pyromancer (D:8)
  Prince Ribbit (D:5)
  Eustachio (D:5)
  A water moccasin (D:8)
  A sky beast (D:7)
  An orc warrior (D:7)
  3 ogres
  An ice beast (D:5)
  A phantom (D:4)
  2 bullfrogs (D:7)
  A scorpion (D:4)
  A bombardier beetle (D:4)
  4 hounds
  3 jellies
  2 orc priests
  2 sleepcaps
  2 iguanas
  3 orc wizards
  4 gnolls (D:5)
  5 adders
  2 white imps
  2 ufetubi (D:5)
  A ribbon worm (D:2)
  5 dart slugs
  21 orcs
  8 ball pythons
  7 endoplasms
  3 giant cockroaches (D:1)
  5 goblins
  11 hobgoblins
  4 jackals (D:1)
  3 quokkas
  5 bats
  2 frilled lizards
  9 kobolds
  A rat (D:3)
130 creatures vanquished.

Vanquished Creatures (others)
  An orc wizard (D:7)
1 creature vanquished.

Grand Total: 131 creatures vanquished

Notes
Turn   | Place    | Note
-------+----------+-------------------------------------------
     0 | D:1      | qw the Deep Elf Hunter began the quest for the Orb.
     0 | D:1      | Reached XP level 1. HP: 12/12 MP: 3/3
     0 | D:1      | 0 ||| qw: Version: 0.3-a-160-g6735b56
     0 | D:1      | 0 ||| qw: Game counter: 6031
     0 | D:1      | 0 ||| qw: Melee chars always use a shield: true
     0 | D:1      | 0 ||| qw: God list: Okawaru
     0 | D:1      | 0 ||| qw: Allow faded altars: false
     0 | D:1      | 0 ||| qw: Do Orc after clearing Dungeon:15 true
     0 | D:1      | 0 ||| qw: Do second Lair branch before Depths: true
     0 | D:1      | 0 ||| qw: Lair rune preference: random
     0 | D:1      | 0 ||| qw: Goals: Normal
     0 | D:1      | 0 ||| PLANNING D:1-11
    77 | D:1      | Reached XP level 2. HP: 16/16 MP: 4/4
    82 | D:1      | Reached skill level 6 in Ranged Weapons
   359 | D:1      | Reached XP level 3. HP: 20/20 MP: 5/5
   496 | D:1      | Reached skill level 7 in Ranged Weapons
   667 | D:1      | 667 ||| UPGRADING to +2 robe of fire resistance.
   677 | D:1      | 677 ||| DROPPING +0 leather armour.
   678 | D:1      | 678 ||| UPGRADING to +0 pair of boots.
   683 | D:1      | 683 ||| UPGRADING to +0 cloak.
   688 | D:1      | 688 ||| UPGRADING to +0 pair of gloves.
   693 | D:1      | 693 ||| DROPPING ring of magical power.
   694 | D:1      | 694 ||| READING scroll labelled LEAWEO ZIPNA.
   695 | D:1      | 695 ||| READING scroll labelled AFYHOT DEROSIPH.
   695 | D:1      | 695 ||| ENCHANTING +0 pair of gloves.
   696 | D:1      | 696 ||| READING scroll labelled IJIGEY IMIUFF.
   696 | D:1      | 696 ||| ENCHANTING +0 shortbow.
   697 | D:1      | 697 ||| READING 2 scrolls labelled FOOSABBOEBU.
   700 | D:1      | 700 ||| DROPPING scroll of butterflies.
   854 | D:2      | Reached XP level 4. HP: 24/25 MP: 6/6
  1131 | D:2      | Reached skill level 8 in Ranged Weapons
  1444 | D:2      | 1444 ||| READING scroll labelled PAEKAY FURY.
  1445 | D:2      | 1445 ||| READING scroll labelled MOPEAT OCRULY.
  1446 | D:2      | 1446 ||| READING scroll labelled DEIBUHITHRY.
  1446 | D:2      | 1446 ||| IDENTIFYING bubbling golden potion
  1447 | D:2      | 1447 ||| READING scroll labelled RAVIPASAEX.
  1509 | D:3      | 1509 ||| STAIRDANCE
  1558 | D:3      | 1558 ||| STAIRDANCE
  1569 | D:3      | 1569 ||| STAIRDANCE
  1574 | D:2      | Reached skill level 3 in Dodging
  1582 | D:3      | 1582 ||| STAIRDANCE
  1636 | D:3      | 1636 ||| STAIRDANCE
  1687 | D:3      | 1687 ||| STAIRDANCE
  1699 | D:2      | Reached XP level 5. HP: 18/29 MP: 7/7
  1747 | D:3      | 1747 ||| STAIRDANCE
  1754 | D:3      | 1754 ||| STAIRDANCE
  1907 | D:3      | Found an opulent altar of Gozag.
  2439 | D:3      | 2439 ||| DROPPING amulet of magic regeneration.
  2440 | D:3      | 2440 ||| READING scroll of identify.
  2440 | D:3      | 2440 ||| IDENTIFYING clear potion
  2441 | D:3      | 2441 ||| READING scroll labelled MUTEX VUNOAJ.
  2442 | D:3      | 2442 ||| DROPPING potion of attraction.
  2507 | D:4      | 2507 ||| STAIRDANCE
  2572 | D:4      | Reached skill level 9 in Ranged Weapons
  2572 | D:4      | Reached XP level 6. HP: 34/34 MP: 8/8
  2623 | D:4      | Found a bloodstained altar of Trog.
  2883 | D:4      | Found a snail-covered altar of Cheibriados.
  3358 | D:4      | 3358 ||| READING 2 scrolls of identify.
  3358 | D:4      | 3358 ||| IDENTIFYING emerald potion
  3359 | D:4      | 3359 ||| READING scroll of identify.
  3359 | D:4      | 3359 ||| IDENTIFYING coppery potion
  3374 | D:5      | Entered Level 5 of the Dungeon
  3396 | D:5      | Found a staircase to the Ecumenical Temple.
  3397 | D:5      | 3397 ||| PLANNING TEMPLE
  3403 | Temple   | Entered the Ecumenical Temple
  3404 | Temple   | 3404 ||| PLANNING D:1-11
  3436 | D:5      | Reached skill level 10 in Ranged Weapons
  3444 | D:5      | Found Woqont's Armour Shoppe.
  3444 | D:5      | Noticed Eustachio
  3445 | D:5      | 3445 ||| DRINKING potion of haste.
  3464 | D:5      | Killed Eustachio
  3465 | D:5      | Reached XP level 7. HP: 14/40 MP: 9/9
  3582 | D:5      | 3582 ||| SHOPLISTING +2 robe of resistance (527 gold, have
                  | 206).
  3590 | D:5      | Found a shimmering blue altar of Sif Muna.
  3709 | D:5      | Reached skill level 11 in Ranged Weapons
  3889 | D:5      | Found a stormy altar of Qazlal.
  4011 | D:5      | Reached skill level 12 in Ranged Weapons
  4011 | D:5      | Reached XP level 8. HP: 45/45 MP: 10/10
  4061 | D:5      | Noticed Prince Ribbit
  4062 | D:5      | 4062 ||| ZAPPING wand of iceblast (11) at 0,-2 (Prince
                  | Ribbit; floor).
  4063 | D:5      | 4063 ||| ZAPPING wand of iceblast (10) at 1,-3 (floor).
  4064 | D:5      | 4064 ||| ZAPPING wand of iceblast (9) at 1,-3 (Prince
                  | Ribbit; floor).
  4064 | D:5      | Killed Prince Ribbit
  4065 | D:5      | Reached skill level 3 in Fighting
  4124 | D:5      | You fall into a shaft and drop 3 floors!
  4158 | D:8      | Noticed a deep elf pyromancer
  4160 | D:8      | 4160 ||| ZAPPING wand of iceblast (8) at 3,-2 (floor).
  4161 | D:8      | 4161 ||| ZAPPING wand of iceblast (7) at 2,-1 (floor).
  4162 | D:8      | 4162 ||| ZAPPING wand of iceblast (6) at 2,-1 (deep elf
                  | pyromancer; floor).
  4162 | D:8      | Killed a deep elf pyromancer
  4183 | D:8      | Found an iron altar of Okawaru.
  4184 | D:8      | 4184 ||| PLANNING OKAWARU WORSHIP
  4184 | D:8      | 4184 ||| READING scroll labelled ICAEDA TISIUNG.
  4185 | D:8      | 4185 ||| READING scroll labelled CAIRAM FECA.
  4186 | D:8      | 4186 ||| DRINKING 3 sapphire potions.
  4194 | D:8      | Became a worshipper of Warmaster Okawaru
  4195 | D:8      | 4195 ||| PLANNING D:1-11
  4232 | D:7      | Found a blossoming altar of Fedhas.
  4234 | D:7      | 4234 ||| FLEEEEING.
  4235 | D:7      | 4235 ||| FLEEEEING.
  4237 | D:7      | 4237 ||| STAIRDANCE
  4365 | D:6      | 4365 ||| READING scroll of identify.
  4365 | D:6      | 4365 ||| IDENTIFYING amethyst potion
  4792 | D:5      | 4792 ||| PLANNING LAIR
  4862 | D:7      | 4862 ||| STAIRDANCE
  4868 | D:7      | 4868 ||| RETREEEEATING.
  4869 | D:7      | 4869 ||| RETREEEEATING.
  4870 | D:7      | 4870 ||| RETREEEEATING.
  4886 | D:7      | Reached skill level 13 in Ranged Weapons
  4893 | D:7      | Reached skill level 1 in Armour
  4893 | D:7      | Reached XP level 9. HP: 37/51 MP: 11/11
  4994 | D:7      | 4994 ||| FLEEEEING.
  4995 | D:7      | 4995 ||| FLEEEEING.
  5025 | D:8      | 5025 ||| SWAPPING to +0 arbalest.
  5026 | D:8      | 5026 ||| DROPPING +1 shortbow.
  5043 | D:8      | Reached * piety under Okawaru
  5069 | D:8      | Found a staircase to the Lair.
  5071 | D:8      | Noticed a death yak
  5071 | D:8      | Noticed a death yak
  5072 | D:8      | 5072 ||| RETREEEEATING.
  5073 | D:8      | Noticed a death yak
  5074 | D:8      | 5074 ||| RETREEEEATING.
  5075 | D:8      | 5075 ||| INVOKING Heroism.
  5081 | D:8      | 5081 ||| RETREEEEATING.
  5083 | D:8      | Killed a death yak
  5084 | D:8      | Reached skill level 15 in Ranged Weapons
  5085 | D:8      | 5085 ||| INVOKING Heroism.
  5090 | D:8      | 5090 ||| RETREEEEATING.
  5091 | D:8      | 5091 ||| RETREEEEATING.
  5092 | D:8      | Slain by a death yak

Levels and vault maps discovered:
D:1:      lightli_arrival_noodles, layout_loops_ring, st_stairs_10
D:2:      layout_loops_ring
D:3:      layout_loops_ring, mainiacjoe_overflow_alcove_4, grunt_ministairs_6
D:4:      layout_cave_pods, kennysheep_mini, slow_altar_2
D:5:      layout_cave_pods, lemuel_tele_altar, lemuel_crystal_altar,
          minmay_temple_entry_tees, serial_park, serial_park_avenue1,
          serial_park_square3 [serial_park_minivault_5x5_2], serial_shops, shop,
          kennysheep_generic_room_10, uniq_eustachio, uniq_prince_ribbit1
D:6:      layout_loops_cross, serial_shops, shop, nicolae_inconvenience_store
D:7:      layout_rooms, nicolae_vehumet_altar_sigil,
          mainiacjoe_overflow_small_starburst, mainiacjoe_overflow_alcove_2,
          gammafunk_temple_overflow_forgotten
D:8:      layout_gridville, mainiacjoe_overflow_surrounded_room,
          dpeg_lair_monsters, eino_tiny_chamber, nicolae_tricolors
Temple:   zaba_magenta_temple

Skill      XL: |  1  2  3  4  5  6  7  8  9 |
---------------+----------------------------+-----
Ranged Weapons | 6 7 8 9 10 12 13 15 | 15.0
Dodging        | 3 4 7 |  7.4
Fighting       | 2 3 |  3.6
Armour         | 1 |  1.2
Stealth        | |  1.2

Action                     |  1- 3 |  4- 6 |  7- 9 || total
---------------------------+-------+-------+-------++-------
   Fire: Shortbow          |   102 |   217 |   246 ||   565
         Arbalest          |       |       |    16 ||    16
 Invoke: Heroism           |       |       |     2 ||     2
  Evoke: Wand              |       |       |     6 ||     6
    Use: Scroll            |     4 |     8 |     3 ||    15
         Potion            |       |     1 |     1 ||     2
 Armour: Leather armour    |    12 |       |       ||    12
         Robe              |     7 |    51 |    66 ||   124
  Dodge: Dodged            |    22 |    57 |    90 ||   169

Table legend:
 A = Non-vault XP
 B = Vault XP
 C = Vault XP percentage of total XP
 D = Non-vault monster count
 E = Vault monster count
 F = Vault count percentage of total count
                 A         B        C        D         E       F
            +---------+---------+-------+---------+---------+-------
      Total |    2594 |    1613 |  38.3 |     117 |      14 |  10.7
            +---------+---------+-------+---------+---------+-------
        D:1 |      62 |       3 |   4.6 |      30 |       2 |   6.2
        D:2 |     114 |      49 |  30.1 |      20 |       4 |  16.7
        D:3 |      28 |       0 |   0.0 |      11 |       0 |   0.0
        D:4 |     294 |      54 |  15.5 |      16 |       1 |   5.9
        D:5 |     618 |     686 |  52.6 |      22 |       6 |  21.4
        D:6 |      60 |       0 |   0.0 |       7 |       0 |   0.0
        D:7 |     670 |       0 |   0.0 |       9 |       0 |   0.0
        D:8 |     748 |     821 |  52.3 |       2 |       1 |  33.3
            +---------+---------+-------+---------+---------+-------
